Map: Kairos Junction LE

Players

IIIIIIIIIII - Winner!

  • Race: Zerg Zerg
  • Spawn Location: 5:00

Harstem

  • Race: Protoss Protoss
  • League: Grandmaster
  • Spawn Location: 11:00

VOD

Have the link to the VOD?

Description

Time

  • Played on: Jan. 16, 2019, 7:09 a.m.
  • Length: 7:56
Show
View Real Time Build Order
Export as new Build Order

IIIIIIIIIII Zerg - Winner!

Build Orders: Hatch First 

Get SALT Encoding   

  12  0:01  Drone  
  13  0:13  Overlord  
  13  0:17  Drone  
  14  0:32  Drone x2  
  16  0:48  Hatchery  
  15  0:52  Drone  
  15  0:55  Drone  
  17  0:58  Drone  
  18  1:09  Extractor  
  17  1:14  Spawning Pool  
  17  1:17  Drone  
  17  1:20  Drone  
  18  1:29  Drone  
  19  1:40  Drone  
  20  1:52  Drone  
  21  2:00  Queen  
  21  2:01  Queen, Zergling x2  
  25  2:03  Overlord  
  26  2:10  Metabolic Boost  
  26  2:11  Drone  
  26  2:12  Drone  
  28  2:22  Drone  
  29  2:23  Drone  
  30  2:34  Hatchery  
  29  2:37  Drone  
  29  2:40  Drone  
  29  2:43  Drone  
  32  2:47  Overlord  
  32  2:53  Queen  
  32  2:55  Drone  
  32  2:56  Drone  
  36  3:06  Drone x2  
  36  3:10  Drone x2  
  36  3:11  Drone, Overlord  
  41  3:13  Drone  
  41  3:17  Zergling x2  
  41  3:19  Zergling x2  
  44  3:24  Spore Crawler  
  44  3:25  Zergling x2  
  44  3:30  Queen  
  46  3:34  Drone  
  46  3:35  Drone  
  46  3:36  Spore Crawler  
  46  3:40  Drone  
  48  3:41  Drone x2  
  48  3:45  Drone, Spore Crawler  
  48  3:48  Queen  
  50  3:53  Drone  
  50  3:54  Drone  
  54  3:57  Drone x2  
  54  3:58  Drone  
  57  4:07  Overlord  
  57  4:08  Drone  
  58  4:11  Overlord  
  58  4:14  Roach Warren  
  58  4:16  Lair  
  57  4:18  Extractor  
  57  4:19  Drone, Extractor  
  57  4:21  Drone x2  
  58  4:25  Overlord  
  58  4:29  Drone x2  
  60  4:33  Drone x4  
  60  4:34  Extractor  
  60  4:35  Drone  
  60  4:37  Drone  
  65  4:41  Drone x2  
  65  4:43  Queen  
  69  4:47  Overlord  
  69  4:50  Queen  
  71  4:57  Overlord  
  69  5:08  Drone x2  
  70  5:15  Glial Reconstitution  
  70  5:19  Roach x9  
  88  5:23  Roach x2  
  92  5:29  Overlord x2  
  92  5:30  Overlord  
  92  5:32  Roach  
  94  5:41  Roach x3  
  98  5:50  Overlord  
  98  5:53  Overlord  
  98  5:56  Overlord  
  107  5:57  Roach x5  
  107  5:59  Overlord  
  111  6:04  Roach x2  
  111  6:08  Roach x2  
  115  6:12  Roach x2  
  115  6:15  Ravager x2  
  115  6:16  Ravager  
  122  6:19  Roach x2  
  122  6:22  Overlord  
  122  6:24  Roach x2  
  130  6:28  Zergling x4  
  130  6:30  Ravager  
  130  6:32  Zergling x6  
  136  6:36  Ravager, Zergling x2  
  136  6:37  Zergling x4  
  140  6:45  Zergling x12  
  146  6:50  Zergling x4  
  146  6:55  Ravager  
  146  6:56  Zergling x4  
  139  7:05  Roach x7  
  146  7:11  Roach x3  
  146  7:14  Roach  
  152  7:18  Roach  
  150  7:24  Roach x4  
  134  7:38  Infestation Pit  
  134  7:39  Evolution Chamber  
  134  7:40  Drone x3  
Show
View Real Time Build Order
Export as new Build Order

Harstem Protoss 

Build Orders: 1 Gate Expand, Oracle Opening, Archon Immortal, Archon Drop 

Get SALT Encoding   

  12  0:02  Probe  
  13  0:14  Probe  
  13  0:20  Pylon  
  14  0:27  Probe  
  15  0:34  Assimilator  
  15  0:35  Probe  
  16  0:43  Probe  
  16  0:48  Gateway  
  17  0:53  Probe  
  18  1:05  Probe  
  19  1:17  Probe  
  20  1:25  Nexus  
  20  1:36  Cybernetics Core, Probe  
  21  1:43  Assimilator  
  21  1:49  Probe  
  21  1:53  Pylon  
  22  2:01  Probe  
  23  2:02  Adept  
  23  2:13  Probe  
  26  2:17  Stargate  
  26  2:25  Probe  
  27  2:32  Stalker  
  27  2:33  Probe  
  27  2:34  Probe  
  29  2:41  Warp Gate  
  29  2:42  Probe x2  
  33  2:51  Probe  
  33  2:52  Probe  
  33  2:57  Oracle  
  35  3:03  Probe  
  35  3:04  Probe  
  40  3:13  Pylon  
  40  3:15  Probe  
  40  3:16  Probe  
  42  3:23  Assimilator  
  42  3:24  Oracle  
  42  3:25  Assimilator  
  42  3:28  Probe x2  
  44  3:35  Gateway  
  44  3:40  Probe x2  
  49  3:45  Pylon  
  49  3:52  Probe x2  
  49  3:55  Oracle  
  54  4:04  Robotics Facility, Probe x2  
  56  4:12  Pylon  
  56  4:15  Twilight Council  
  56  4:16  Probe x2  
  58  4:25  Gateway x2  
  58  4:33  Zealot x2  
  58  4:36  Pylon  
  62  4:40  Warp Prism, Probe  
  65  4:53  Templar Archives  
  65  5:05  Nexus  
  65  5:18  Probe  
  65  5:20  Probe  
  64  5:22  Pylon  
  64  5:29  Forge  
  64  5:30  Probe  
  64  5:31  Pylon  
  64  5:32  Probe  
  64  5:34  Immortal  
  66  5:42  Probe  
  66  5:44  Probe  
  66  5:45  High Templar x4  
  79  5:51  Archon  
  79  5:52  Archon  
  79  5:54  Probe  
  80  5:59  Charge, Probe  
  80  6:00  Immortal  
  80  6:02  Gateway, Protoss Ground Weapons Level 1  
  81  6:07  Gateway  
  81  6:12  Shield Battery  
  85  6:20  Pylon  
  85  6:21  Sentry  
  85  6:22  Zealot x2  
  91  6:25  Sentry  
  91  6:31  Immortal  
  93  6:36  Probe  
  93  6:39  Probe  
  99  6:41  Pylon  
  99  6:42  Shield Battery, Zealot  
  99  6:43  Sentry  
  103  6:50  Zealot x2  
  103  7:00  Zealot  
  103  7:01  Immortal  
  101  7:07  Zealot x3  
  99  7:11  Zealot x2  
  102  7:21  Zealot  
  92  7:27  Probe, Zealot  
  92  7:28  Zealot x2  
  86  7:31  Probe  
  86  7:35  Zealot  
  86  7:37  Probe  
  72  7:41  Probe  
  77  7:45  Zealot  
  79  7:51  Zealot x2  
Tags
 
Add a new tag
Caveats
  • Supply blocks, unpowered buildings, or Contaminate may cause inaccurate times.
  • Supply counts are checked every 10 seconds.